 Dungeon Crawl Stone Soup version 0.28.0 (webtiles) character file.

Game seed: 7281269898059933733

1292 Ayyar the Skirmisher (level 8, 0/64 HPs)
             Began as a Formicid Abyssal Knight on Apr 6, 2022.
             Was a Believer of Lugonu.
             Slain by an orc warrior (19 damage)
             ... on level 5 of the Dungeon.
             The game lasted 00:16:29 (8096 turns).

Ayyar the Skirmisher (Formicid Abyssal Knight)      Turns: 8096, Time: 00:16:29

Health: 0/64       AC: 13    Str: 19    XL:     8   Next: 86%
Magic:  12/12      EV:  8    Int: 11    God:    Lugonu [**....]
Gold:   285        SH:  0    Dex: 11    Spells: 7/7 levels left

rFire   . . .      SeeInvis +   a - +1 spear
rCold   . . .      Faith    .   (no shield)
rNeg    . . .      Spirit   .   l - +0 chain mail
rPois   .          Reflect  .   (helmet unavailable)
rElec   .          Harm     .   h - +0 cloak
rCorr   .          Rampage  .   (no gloves)
Will    .....                   H - +1 pair of boots
Stlth   ..........              (no amulet)
HPRegen 0.20/turn               (no ring)
MPRegen 0.13/turn               (no ring)

@: no status effects
A: permanent stasis, dig shafts and tunnels, antennae 3, four strong arms
a: Dig, Shaft Self, Renounce Religion, Depart the Abyss, Bend Space


You were on level 5 of the Dungeon.
You worshipped Lugonu.
Lugonu was pleased with you.
You visited 1 branch of the dungeon, and saw 6 of its levels.
You visited the Abyss 1 time.
You also visited: Sewer.

You collected 285 gold pieces.

Inventory:

Hand Weapons
 a - a +1 spear (weapon)
 y - a +0 halberd
Missiles
 m - a throwing net
 r - a poisoned dart (quivered)
 F - 2 javelins
Armour
 h - a +0 cloak (worn)
 l - a +0 chain mail (worn)
 H - a +1 pair of boots (worn)
Wands
 e - a wand of acid (10)
 p - a wand of mindburst (5)
 D - a wand of polymorph (20)
Scrolls
 b - a scroll of amnesia {unknown}
 f - a scroll of noise {unknown}
 i - a scroll of immolation {unknown}
 k - 2 scrolls of summoning {unknown}
 o - 5 scrolls of teleportation {unknown}
 q - a scroll of brand weapon {unknown}
 u - a scroll of enchant armour {unknown}
 w - 2 scrolls of blinking
 z - 2 scrolls of acquirement {unknown}
 A - a scroll of fog {unknown}
 B - a scroll of vulnerability {unknown}
 G - a scroll of identify {unknown}
Potions
 c - 4 potions of heal wounds
 d - a potion of berserk rage {unknown}
 g - 4 potions of haste
 j - a potion of mutation {unknown}
 n - a potion of magic {unknown}
 s - a potion of curing {unknown}
 t - a potion of experience {unknown}
 v - a potion of flight {unknown}
 x - a potion of cancellation {unknown}
 C - a potion of attraction {unknown}
 E - 2 potions of ambrosia {unknown}
 I - a potion of might {unknown}


   Skills:
 + Level 5.9 Fighting
 + Level 4.9 Polearms
 + Level 5.2 Armour
 + Level 4.0 Dodging
 + Level 5.7 Invocations


You had 7 spell levels left.
You didn't know any spells.
Your spell library contained the following spells:

 Spells                   Type           Power      Damage    Failure   Level
 Freeze                   Ice            0%         1d3       98%         1
 Frozen Ramparts          Ice            0%         1d2       100%        3
 Gell's Gravitas          Tloc           0%         N/A       100%        3
 Lesser Beckoning         Tloc           0%         N/A       100%        3
 Teleport Other           Tloc           0%         N/A       100%        3
 Hailstorm                Conj/Ice       0%         3d3       100%        4
 Manifold Assault         Tloc           0%         N/A       100%        5
 Blink                    Tloc           Unusable   N/A       N/A         2

Dungeon Overview and Level Annotations

Branches:
Dungeon (6/15)              Sewer (visited)
 Temple: D:4-7

Altars:
Dithmenos
Fedhas
Kikubaaqudgha
Ru
Sif Muna
Yredelemnul

Shops:
D:2 (


Innate Abilities, Weirdness & Mutations

You cannot be hasted, slowed, berserked, paralysed or teleported.
You can dig through walls and to a lower floor.
You have a pair of large antennae on your head. (SInv)
Your four strong arms can wield two-handed weapons with a shield.


Message History

The orc warrior hits you from afar with a +0 halberd.
Reach: a) +1 spear
Press: ? - help, Dir - move target, f/p - orc warrior
Aim: an orc warrior, wielding a +0 halberd and wearing a +0 chain mail (lightly wounded, poisoned, about 39% to evade your +1 spear)
You reach to attack!
You puncture the orc warrior!
The orc warrior is heavily wounded.
The orc warrior barely misses you.
Reach: a) +1 spear
Press: ? - help, Dir - move target, f/p - orc warrior
Aim: an orc warrior, wielding a +0 halberd and wearing a +0 chain mail (heavily wounded, poisoned, about 39% to evade your +1 spear)
You reach to attack!
You barely miss the orc warrior.
The orc warrior is heavily wounded.
The orc warrior hits you from afar with a +0 halberd!
* * * LOW HITPOINT WARNING * * *
Reach: a) +1 spear
Press: ? - help, Dir - move target, f/p - orc warrior
Aim: an orc warrior, wielding a +0 halberd and wearing a +0 chain mail (heavily wounded, poisoned, about 39% to evade your +1 spear)
You reach to attack!
You hit the orc warrior but do no damage.
The orc warrior is heavily wounded.
It was a potion of haste.
Your stasis prevents you from being hasted.
The orc warrior hits you from afar with a +0 halberd!
* * * LOW HITPOINT WARNING * * *
You feel much better.
The orc warrior hits you from afar with a +0 halberd!
* * * LOW HITPOINT WARNING * * *
Reach: a) +1 spear
Press: ? - help, Dir - move target, f/p - orc warrior
Aim: an orc warrior, wielding a +0 halberd and wearing a +0 chain mail (severely wounded, poisoned, about 39% to evade your +1 spear)
You reach to attack!
You hit the orc warrior.
The orc warrior is severely wounded.
The orc warrior barely misses you.
Reach: a) +1 spear
Press: ? - help, Dir - move target, f/p - orc warrior
Aim: an orc warrior, wielding a +0 halberd and wearing a +0 chain mail (severely wounded, poisoned, about 39% to evade your +1 spear)
You reach to attack!
You hit the orc warrior.
The orc warrior is almost dead.
The orc warrior hits you from afar with a +0 halberd!!
You die...

>#.#####...........#.#
.#.# #..<.....(..#.#
.#.########.##.....#.#
[..#...........#.###.#
.....######..........#
.)..............o#####
#.)..##).....#.#o#
.#...##......#.#.#
##..^.#....(.#.#@#
##...#.......'.#(#
##...##......###.#
.)...###.###.....#
##'.#####.########
.......#### .......#
.......# .#'#####


You could see an orc warrior (poisoned) and an orc wizard (invisible).

Vanquished Creatures
  Grinder (D:3)
  Pargi (Sewer)
  An ice beast (D:6)
  A black bear (D:6)
  2 necrophages (D:5)
  A howler monkey (D:5)
  3 hounds
  A jelly (D:4)
  2 orc priests (D:5)
  Jessica (D:2)
  4 iguanas
  Ijyb (D:3)
  Terence (D:3)
  Natasha (D:2)
  8 gnolls
  4 adders
  A river rat (D:4)
  An ufetubus (D:4)
  7 dart slugs
  8 orcs
  4 endoplasms
  6 giant cockroaches
  7 goblins
  2 hobgoblins
  13 kobolds
  6 quokkas
  10 ball pythons
  4 bats
  2 frilled lizards
  2 rats
106 creatures vanquished.

Vanquished Creatures (others)
  A bat (D:3)
1 creature vanquished.

Grand Total: 107 creatures vanquished

Notes
Turn   | Place    | Note
-------+----------+-------------------------------------------
     0 | Abyss:1  | Ayyar the Formicid Abyssal Knight began the quest for the
                  | Orb.
     0 | Abyss:1  | Reached XP level 1. HP: 18/18 MP: 2/2
    53 | Abyss:1  | Noticed a quasit
    55 | Abyss:1  | Noticed an eidolon
    55 | Abyss:1  | Noticed a large abomination
    55 | Abyss:1  | Noticed a harpy simulacrum
    55 | Abyss:1  | Noticed a small abomination
    56 | D:1      | Escaped the Abyss
   112 | D:1      | Reached skill level 1 in Dodging
   383 | D:1      | Reached XP level 2. HP: 24/24 MP: 3/3
   702 | D:1      | Reached * piety under Lugonu
   881 | D:1      | Reached XP level 3. HP: 29/29 MP: 4/4
  1311 | D:2      | Found a faded altar of an unknown god.
  1766 | D:2      | Noticed Natasha
  1783 | D:2      | Killed Natasha
  1784 | D:2      | Reached XP level 4. HP: 23/37 MP: 6/6
  1909 | D:2      | Noticed Jessica
  1918 | D:2      | Killed Jessica
  2252 | D:2      | Found Uczaob's Antique Weapon Shoppe.
  2446 | D:3      | Reached XP level 5. HP: 42/42 MP: 7/7
  2554 | D:3      | Noticed Terence
  2573 | D:3      | Killed Terence
  2952 | D:3      | Noticed Ijyb
  2965 | D:3      | Killed Ijyb
  3299 | D:3      | Noticed Grinder
  3321 | D:3      | Killed Grinder
  3322 | D:3      | Reached XP level 6. HP: 4/49 MP: 7/9
  3696 | D:3      | Reached XP level 7. HP: 55/55 MP: 10/10
  4012 | D:4      | Found a glowing drain.
  4016 | Sewer    | Entered a sewer
  4120 | Sewer    | Noticed Pargi
  4159 | Sewer    | Killed Pargi
  4185 | Sewer    | Reached ** piety under Lugonu
  4770 | D:4      | Reached skill level 5 in Fighting
  5250 | D:5      | Entered Level 5 of the Dungeon
  5314 | D:5      | Reached XP level 8. HP: 36/62 MP: 11/11
  5471 | D:5      | Reached skill level 5 in Invocations
  7089 | D:6      | Reached skill level 5 in Armour
  7346 | D:6      | Found a shadowy altar of Dithmenos.
  7346 | D:6      | Found a shimmering blue altar of Sif Muna.
  7351 | D:6      | Found a sacrificial altar of Ru.
  7368 | D:6      | Found a basalt altar of Yredelemnul.
  7436 | D:6      | Found an ancient bone altar of Kikubaaqudgha.
  7440 | D:6      | Found a blossoming altar of Fedhas.
  7696 | D:6      | HP: 3/64 [orc warrior (9)]
  7765 | D:6      | HP: 3/64 [orc warrior (9)]
  8096 | D:5      | Slain by an orc warrior

Illustrated notes

Levels and vault maps discovered:
D:1:      dpeg_chamrin_arrival_tetris, layout_loops_corners,
          grunt_decor_junction
D:2:      wander_river, layout_basic, basic_ecumenical_altar, serial_shops,
          shop_coins, minmay_pentomino_p2, uniq_jessica, uniq_natasha
D:3:      layout_loops_ring, uniq_grinder, uniq_ijyb, uniq_terence
D:4:      layout_loops_ring, gup_sewer_entry_spiral
D:5:      layout_basic
D:6:      layout_cave_pods, nicolae_overflow_hallway_of_the_gods,
          minmay_temple_entry_sparse_star

Skill      XL: |  1  2  3  4  5  6  7  8 |
---------------+-------------------------+-----
Dodging        | 1 2 3 4 |  4.0
Invocations    | 3 4 5 |  5.7
Armour         | 3 4 5 |  5.2
Fighting       | 4 5 |  5.9
Polearms       | 3 4 |  4.9

Action                   |  1- 3 |  4- 6 |  7- 9 || total
-------------------------+-------+-------+-------++-------
Melee: Spear             |   110 |   103 |   447 ||   660
       Punch             |     1 |       |     8 ||     9
Throw: Dart              |       |       |     9 ||     9
Invok: Depart the Abyss  |     1 |       |       ||     1
Evoke: Wand              |       |       |     1 ||     1
  Use: Potion            |       |       |     3 ||     3
       Scroll            |       |       |     1 ||     1
 Stab: Distracted        |       |       |     1 ||     1
Armor: Leather armour    |    11 |       |       ||    11
       Scale mail        |    23 |    14 |       ||    37
       Chain mail        |       |    11 |   213 ||   224
Dodge: Dodged            |    40 |    26 |   180 ||   246
